 Dungeon Crawl Stone Soup version 0.28.0-53-g5a82cb258f (webtiles) character file.

Game seed: 3984349338909683996

1552 safid the Cleaver (level 8, 0/59 HPs)
             Began as a Hill Orc Fighter on July 28, 2022.
             Was a Priest of Hepliaklqana.
             Slain by Joseph
             ... wielding a +0 quarterstaff
              (12 damage)
             ... on level 7 of the Dungeon.
             The game lasted 00:05:33 (5994 turns).

safid the Cleaver (Hill Orc Fighter)                Turns: 5994, Time: 00:05:34

Health: 0/59       AC:  8    Str: 21    XL:     8   Next: 88%
Magic:  8/8        EV: 13    Int:  8    God:    Hepliaklqana [***...]
Gold:   69         SH:  4    Dex: 10    Spells: 7/7 levels left

rFire   . . .      SeeInvis .   a - +0 war axe
rCold   . . .      Faith    .   c - +0 buckler
rNeg    . . .      Spirit   .   b - +0 scale mail
rPois   .          Reflect  .   w - +0 helmet
rElec   .          Harm     .   (no cloak)
rCorr   .          Rampage  .   (no gloves)
Will    .....                   (no boots)
Stlth   ..........              (no amulet)
HPRegen 0.19/turn               s - +4 ring of evasion
MPRegen 0.11/turn               (no ring)

@: mighty
A: reduced essence
a: Renounce Religion, Recall Ancestor, Ancestor Identity, Transference


You were on level 7 of the Dungeon.
You worshipped Hepliaklqana.
Hepliaklqana was most pleased with you.
You visited 1 branch of the dungeon, and saw 7 of its levels.

You collected 237 gold pieces.
You spent 168 gold pieces at shops.

Inventory:

Hand Weapons
 a - a +0 war axe (weapon)
Missiles
 h - 2 javelins (quivered)
 i - 8 poisoned darts
Armour
 b - a +0 scale mail (worn)
 c - a +0 buckler (worn)
 w - a +0 helmet (worn)
Jewellery
 s - a +4 ring of evasion (left hand)
 A - a ring of fire
Wands
 t - a wand of polymorph (4)
 v - a wand of mindburst (6)
 x - a wand of acid (12)
Scrolls
 e - 3 scrolls of noise {unknown}
 f - 4 scrolls of fog {unknown}
 g - a scroll of torment {unknown}
 k - 4 scrolls of blinking {unknown}
 l - 3 scrolls of vulnerability {unknown}
 n - 4 scrolls of identify {unknown}
 p - 2 scrolls of immolation {unknown}
 q - 2 scrolls of teleportation {unknown}
 y - a scroll of amnesia {unknown}
Potions
 j - a potion of heal wounds {unknown}
 m - 2 potions of degeneration
 o - a potion of resistance {unknown}
 r - 4 potions of curing
 u - 2 potions of mutation {unknown}
 z - a potion of flight {unknown}
 B - a potion of invisibility
 C - 4 potions of lignification {unknown}


   Skills:
 - Level 4.0 Fighting
 + Level 13.5 Axes
 - Level 4.0 Armour
 - Level 4.0 Shields


You had 7 spell levels left.
You didn't know any spells.
Your spell library contained the following spells:

 Spells                   Type           Power      Damage    Failure   Level
 Magic Dart               Conj           0%         1d3       83%         1
 Call Imp                 Summ           0%         N/A       92%         2
 Corpse Rot               Necr/Air       0%         N/A       92%         2
 Mephitic Cloud           Conj/Pois/Air  0%         N/A       99%         3
 Dispel Undead            Necr           0%         3d6       100%        4
 Death Channel            Necr           0%         N/A       100%        6


Dungeon Overview and Level Annotations

Branches:
Dungeon (7/15)
 Temple: D:4-7

Altars:
Hepliaklqana
The Shining One

Shops:
D:6 !

Portals:
Bailey: D:7

Annotations:
D:7 Joseph


Message History

You block the centaur's attack.
The goblin hits you from afar with a +0 spear.
* * * LOW HITPOINT WARNING * * *
Stakmar hits the centaur with a +0 quarterstaff!
The centaur dies!
Things that are here:
a +0 shortbow; 17 arrows You slice the goblin!!
You kill the goblin!
You slash the goblin!
You kill the goblin!
Joseph unwields a +0 quarterstaff.
Joseph wields a +2 hunting sling of flaming.
It bursts into flame!
Joseph shoots a sling bullet.
You block the sling bullet.
You feel very mighty all of a sudden. The goblin closely misses you.
The goblin hits you with a +0 spear.
* * * LOW HITPOINT WARNING * * *
Stakmar misses the goblin.
The goblin hits you with a +0 spear.
* * * LOW HITPOINT WARNING * * *
The goblin hits you with a +0 spear.
* * * LOW HITPOINT WARNING * * *
Unknown command.
You completely miss the goblin. You slash the goblin!
You kill the goblin!
The goblin hits you but does no damage.
Stakmar casts a spell at Joseph.
The puff of frost hits the goblin!
The goblin dies!
Unknown command.
You closely miss Joseph.
Stakmar points at Joseph and mumbles some strange words.
The stone arrow hits Joseph!
Unknown command.
You slash Joseph!
Joseph is moderately wounded.
Joseph unwields a +2 hunting sling of flaming.
It stops flaming.
Joseph wields a +0 quarterstaff.
Joseph hits you with a +0 quarterstaff!
You die...

#(##.# #.#.....
#.##.###.##......#
#........##.###.##
####.######.....).
#.# #####.## #.###
#+# ####...####
#........)#
#@R.......#
#@))).....#
..@...).......+
####........#.#
....[....##.#
#.≈≈≈≈≈≈≈$# #
#.≈##.##≈.# #.≈
... ≈.. #. .∩ ≈.##


You could see the friendly Stakmar the battlemage and Joseph (ally target).

Vanquished Creatures
  A steam dragon (D:6)
  A wyvern zombie (D:6)
  3 scorpions
  A howler monkey (D:5)
  A hound (D:5)
  A jelly (D:6)
  A centaur zombie (D:7)
  An orc priest (D:3)
  A bullfrog skeleton (D:6)
  An iguana (D:5)
  3 gnolls
  A shadow imp (D:5)
  A white imp (D:6)
  A worm (D:4)
  4 orcs
  4 bats (D:1)
  6 endoplasms
  2 giant cockroaches
  12 goblins
  11 hobgoblins
  A jackal (D:4)
  4 quokkas
  6 ball pythons
  4 frilled lizards
  6 kobolds
  4 rats
82 creatures vanquished.

Vanquished Creatures (collateral kills)
  A meliai zombie (D:7)
  A water moccasin (D:6)
  3 centaurs
  A phantom (D:5)
  A scorpion (D:5)
  5 hounds
  A hound skeleton (D:4)
  2 gnolls (D:5)
  A howler monkey skeleton (D:6)
  A shadow imp (D:6)
  A white imp (D:6)
  A worm (D:5)
  3 orcs
  A goblin (D:7)
  A jackal (D:4)
  A kobold (D:4)
25 creatures vanquished.

Grand Total: 107 creatures vanquished

Notes
Turn   | Place    | Note
-------+----------+-------------------------------------------
     0 | D:1      | safid the Hill Orc Fighter began the quest for the Orb.
     0 | D:1      | Reached XP level 1. HP: 19/19 MP: 1/1
   179 | D:1      | Reached skill level 3 in Axes
   179 | D:1      | Reached XP level 2. HP: 25/27 MP: 2/2
   653 | D:1      | Reached XP level 3. HP: 10/33 MP: 3/3
  1998 | D:3      | Reached XP level 4. HP: 40/40 MP: 4/4
  2149 | D:3      | Found a faded altar of an unknown god.
  2220 | D:3      | Prayed at the altar of an unknown god.
  2220 | D:3      | Became a worshipper of Hepliaklqana the Forgotten
  2220 | D:3      | Reached * piety under Hepliaklqana
  2333 | D:3      | Reached skill level 4 in Axes
  3038 | D:4      | Reached skill level 5 in Axes
  3038 | D:4      | Reached XP level 5. HP: 41/41 MP: 5/5
  3319 | D:4      | Reached ** piety under Hepliaklqana
  3320 | D:4      | Remembered your ancestor Stakmar as a battlemage
  3490 | D:4      | Reached skill level 6 in Axes
  3625 | D:5      | Entered Level 5 of the Dungeon
  3758 | D:5      | Reached XP level 6. HP: 43/46 MP: 6/6
  3832 | D:5      | Reached skill level 7 in Axes
  4020 | D:5      | Reached skill level 8 in Axes
  4056 | D:5      | Reached XP level 7. HP: 19/53 MP: 7/7
  4276 | D:5      | Reached skill level 9 in Axes
  4487 | D:5      | Reached skill level 10 in Axes
  4732 | D:5      | Reached *** piety under Hepliaklqana
  4980 | D:6      | Found Xibeleap's Distillery.
  4993 | D:6      | Bought a potion of curing for 42 gold pieces
  4993 | D:6      | Bought a potion of invisibility for 112 gold pieces
  4993 | D:6      | Bought a potion of degeneration for 14 gold pieces
  5044 | D:6      | Reached skill level 11 in Axes
  5044 | D:6      | Reached XP level 8. HP: 41/59 MP: 8/8
  5603 | D:6      | Reached skill level 12 in Axes
  5919 | D:7      | Reached skill level 13 in Axes
  5955 | D:7      | Found a glowing golden altar of the Shining One.
  5986 | D:7      | Found a flagged portal.
  5986 | D:7      | Noticed Joseph
  5994 | D:7      | Slain by Joseph

Illustrated notes

Levels and vault maps discovered:
D:1:      mrwooster_arrival_statue_3, layout_loops_cross
D:2:      layout_loops_corners, chequers_serial_rivers_small_b, st_stairs_9
D:3:      layout_loops_cross, chequers_ecumenical_altar_simple_redux
D:4:      layout_gridville, corexii_hall_statues_s, minmay_misc_feat_doors
D:5:      layout_basic, nicolae_elevator_lobby_asterisk
D:6:      minmay_general_purpose_star, layout_loops_cross, serial_shops, shop,
          eino_small_chamber_without_monster, hex_medium,
          hangedman_abyss_or_decor_passed
D:7:      layout_loops_corners, tso_metal_star,
          minmay_temple_entry_statues_pillars, enter_bailey_3, uniq_joseph

Skill      XL: |  1  2  3  4  5  6  7  8 |
---------------+-------------------------+-----
Axes           | 3 5 6 8 11 13 | 13.5
Fighting       | 4 |  4.0
Armour         | 4 |  4.0
Shields        | 4 |  4.0

Action                   |  1- 3 |  4- 6 |  7- 9 || total
-------------------------+-------+-------+-------++-------
Melee: War axe           |   103 |    87 |    82 ||   272
Invok: Ancestor Identity |       |     1 |       ||     1
       Ancestor Life: Ba |       |     1 |       ||     1
  Use: Potion            |       |       |     1 ||     1
 Stab: Distracted        |       |     2 |       ||     2
Armor: Scale mail        |    54 |    35 |    37 ||   126
Dodge: Dodged            |    54 |    49 |    53 ||   156
Block: Buckler           |    24 |     9 |    23 ||    56
